 Dungeon Crawl Stone Soup version 0.27.1 (webtiles) character file.

Game seed: 8966123235391525469

108 ZARRMARR the Magician (level 4, -5/24 HPs)
             Began as a Deep Elf Air Elementalist on Sept 1, 2021.
             Killed by nerve-wracking pain
             ... invoked by Jessica
              (14 damage)
             ... on level 2 of the Dungeon.
             The game lasted 00:09:56 (3205 turns).

ZARRMARR the Magician (Deep Elf Air Elementalist)   Turns: 3205, Time: 00:09:57

Health: -5/24      AC:  7    Str:  7    XL:     4   Next: 58%
Magic:  1/12       EV: 13    Int: 21    God:
Gold:   73         SH:  0    Dex: 18    Spells: 6/12 levels left

rFire    + . .     SeeInvis .   (no weapon)
rCold    . . .     Faith    .   (no shield)
rNeg     . . .     Spirit   .   a - +0 robe
rPois    +         Reflect  .   f - +0 helmet
rElec    .         Harm     .   (no cloak)
rCorr    .         Rampage  .   (no gloves)
Will     .....                  (no boots)
Stlth    ++........             (no amulet)
HPRegen  0.08/turn              b - ring of Boebor {rPois rF+ AC+4 Str+2 Dex+3}
MPRegen  0.13/turn              (no ring)

@: very slightly contaminated
A: no striking features
a: no special abilities


You were on level 2 of the Dungeon.
You visited 1 branch of the dungeon, and saw 2 of its levels.

You collected 73 gold pieces.

Inventory:

Missiles
 g - 26 arrows
Armour
 a - a +0 robe (worn)
 f - a +0 helmet (worn)
Jewellery
 b - the ring of Boebor (left hand) {rPois rF+ AC+4 Str+2 Dex+3}
   (You acquired it on level 1 of the Dungeon)

   [ring of protection]

   AC:        It affects your AC (+4).
   Str:       It affects your strength (+2).
   Dex:       It affects your dexterity (+3).
   rF:        It protects you from fire.
   rPois:     It protects you from poison.
Scrolls
 c - a scroll of teleportation {unknown}
 e - a scroll of magic mapping


   Skills:
 * Level 3.5 Dodging
 - Level 2.4 Stealth
 + Level 4.6 Spellcasting
 - Level 1.1 Conjurations
 + Level 4.1 Air Magic


You had 6 spell levels left.
You knew the following spells:

 Your Spells              Type           Power      Damage    Failure   Level
a - Shock                 Conj/Air       60%        1d6       3%          1
b - Static Discharge      Conj/Air       15%        N/A       6%          2
c - Swiftness             Air            22%        N/A       6%          3

Your spell library contained the following spells:

 Spells                   Type           Power      Damage    Failure   Level
 Airstrike                Air            11%        N/A       21%         4


Dungeon Overview and Level Annotations

Branches:
Dungeon (2/15)

Altars:

Annotations:
D:2 Jessica


Message History

Press: ? - help, Shift-Dir - straight line, f/p - Jessica
Aim: Jessica, wielding a +0 club, wearing a +0 robe and wearing a +2 buckler (unusually resistant, 71% to hit)
The zap hits Jessica.
Jessica completely resists.
Casting: Shock (safe; 3% risk of failure)
Confirm with . or Enter, or press ? or * to list all spells.
Aiming: Shock (safe; 3% risk of failure)
Press: ? - help, Shift-Dir - straight line, f/p - Jessica
Aim: Jessica, wielding a +0 club, wearing a +0 robe and wearing a +2 buckler (unusually resistant, 71% to hit)
The zap hits Jessica.
Jessica completely resists.
Casting: Shock (safe; 3% risk of failure)
Confirm with . or Enter, or press ? or * to list all spells.
You miscast Static Discharge.
You are very lightly contaminated with residual magic.
Nothing appears to happen.
Jessica gestures at you while chanting. Pain shoots through your body!
Casting: Static Discharge (safe; 6% risk of failure)
Confirm with . or Enter, or press ? or * to list all spells.
The air crackles with electrical energy.
Jessica mumbles some strange words.
Jessica seems to speed up.
Unknown command.
Casting: Static Discharge (safe; 6% risk of failure)
Confirm with . or Enter, or press ? or * to list all spells.
The hobgoblin is struck by an arc of lightning.
You kill the hobgoblin!
Jessica completely misses you.
Unknown command.
Casting: Static Discharge (safe; 6% risk of failure)
Confirm with . or Enter, or press ? or * to list all spells.
Okay, then.
Unknown command.
Jessica casts a spell.
Jessica blinks!
Jessica points at you and mumbles some strange words.
Pain shoots through your body! Jessica casts a spell at you.
Pain shoots through your body!
Ouch! That really hurt!
You die...

.....# #....#......#
#.. .....#
#....###)######.##
######
#....##..........#
#######.......)<.# #
#....)..........)#.#
#..................#
#......)ยง...)..<...#
#.......J.............
#....@..@..>.....#.#..
#.......###........#.#
#.......#.........?. .
..........#..........#
..........#...........
..........#####........
..........# .....######


You could see Jessica (fast, resistant) and an endoplasm.

Vanquished Creatures
  Terence (D:2)
  Robin (D:1)
  2 adders (D:2)
  A dart slug (D:1)
  2 endoplasms
  3 giant cockroaches
  11 goblins
  9 hobgoblins
  5 kobolds (D:1)
  2 quokkas
  3 ball pythons (D:1)
  3 bats
  3 frilled lizards
46 creatures vanquished.

Notes
Turn   | Place    | Note
-------+----------+-------------------------------------------
     0 | D:1      | ZARRMARR the Deep Elf Air Elementalist began the quest for
                  | the Orb.
     0 | D:1      | Reached XP level 1. HP: 10/10 MP: 6/6
   496 | D:1      | Reached XP level 2. HP: 15/15 MP: 4/8
  1236 | D:1      | Found a faded altar of an unknown god.
  1540 | D:1      | Identified a scroll of acquirement
  1540 | D:1      | Acquired the ring of Boebor {rPois rF+ AC+4 Str+2 Dex+3}
  1617 | D:2      | Noticed Robin
  1617 | D:2      | Noticed Jessica
  1624 | D:1      | Killed Robin
  1625 | D:1      | Reached XP level 3. HP: 6/19 MP: 3/10
  1907 | D:1      | Learned a level 2 spell: Static Discharge
  1911 | D:1      | Learned a level 3 spell: Swiftness
  2050 | D:2      | Noticed Terence
  2596 | D:2      | Reached XP level 4. HP: 23/24 MP: 7/12
  2969 | D:2      | Killed Terence
  3205 | D:2      | Killed from afar by Jessica

Illustrated notes

Levels and vault maps discovered:
D:1:      lightli_arrival_noodles, layout_basic,
          shapermc_ecumenical_altar_pompeii, st_stairs_1
D:2:      layout_basic, uniq_robin, uniq_jessica, uniq_terence

Skill      XL: |  1  2  3  4 |
---------------+-------------+-----
Dodging        | 3 |  3.5
Spellcasting   | 4 |  4.6
Air Magic      | 4 |  4.1
Stealth        | |  2.4
Conjurations   | |  1.1

Action                   |  1- 3 |  4- 6 || total
-------------------------+-------+-------++-------
Melee: Unarmed           |    15 |       ||    15
 Cast: Shock             |    78 |    31 ||   109
       Static Discharge  |     7 |     7 ||    14
  Use: Scroll            |     3 |       ||     3
       Potion            |     3 |       ||     3
Armor: Robe              |    14 |     2 ||    16
Dodge: Dodged            |    45 |     5 ||    50
